Coyotes vs Predators
(R1)
Created - 29 janvier 2014 at 23:18
Goals
|
| Coyotes |
0 |
3 |
2 |
5 |
| Predators |
1 |
0 |
3 |
4 |
|
Shots
|
| Coyotes |
7 |
11 |
10 |
28 |
| Predators |
5 |
3 |
13 |
21 |
|
1st period
1. Predators , Joe Thornton 31 (Jean-Pierre Dumont, Alexander Steen) at 8:52
Penalties :
No Penalty
2nd period
2. Coyotes , Brenden Morrow 15 (Chris Stewart, Tim Connolly) at 0:43 (PP)
3. Coyotes , Sergei Samsonov 8 (Maxim Lapierre) at 7:43
4. Coyotes , Denis Grebeshkov 5 (Tim Connolly) at 14:10 (PP)
Penalties :
Alexander Ovechkin (Nas) for Slashing (Minor) at 0:38, Sergei Samsonov (Pho) for Tripping (Minor) at 4:37, Michael Grabner (Nas) for Holding (Minor) at 11:02, Rob Niedermayer (Nas) for Hooking (Minor) at 13:41, Alexander Steen (Nas) for Hooking (Minor) at 14:21, Lukas Krajicek (Pho) for Slashing (Minor) at 16:59, Craig Adams (Pho) for Tripping (Minor) at 19:40
3rd period
5. Predators , Joe Thornton 32 (Alexander Steen, Ryan Mcdonagh) at 0:31 (PP)
6. Coyotes , Brenden Morrow 16 (Tim Connolly) at 0:47
7. Predators , Robyn Regehr 6 (Joe Thornton) at 1:02
8. Coyotes , Riley Cote 4 (Chad Larose, Sergei Samsonov) at 15:43
9. Predators , Jean-Pierre Dumont 14 (Joe Thornton, Kurtis Foster) at 16:20
Penalties :
Joël Perrault (Pho) for Roughing (Minor) at 2:33, Tim Connolly (Pho) for Tripping (Minor) at 5:16, Michael Grabner (Nas) for High sticking (Double Minor) at 11:31
Goalie Stats
Ryan Miller (Pho), 17 saves from 21 shots - (0,810), W, 21-19-3, 60:00 minutes
Josh Tordjman (Nas), 8 saves from 9 shots - (0,889), L, 6-9-1, 18:13 minutes
Rick DiPietro (Nas), 15 saves from 19 shots - (0,789), 40:47 minutes
Players Stats for Coyotes
Player Name G A P +/- PIM S H SB GA TA FO MP PP MP PK MP
------------------------------------------------------------------------------------
Bill Guerin 0 0 0 -1 0 1 3 0 0 0 0/0 12:36 2:59 0:00
Brenden Morrow 2 0 2 -1 0 6 2 0 0 0 0/0 20:41 4:13 1:50
Chad Larose 0 1 1 2 0 2 3 0 0 0 4/9 17:19 1:19 4:54
Chris Stewart 0 1 1 -1 0 2 0 0 0 1 2/3 18:17 4:13 0:00
Craig Adams 0 0 0 0 2 1 1 0 0 1 0/0 10:27 0:00 2:41
Denis Grebeshkov 1 0 1 0 0 2 0 1 0 0 0/0 20:43 4:41 2:56
Drew Miller 0 0 0 -1 0 0 2 0 1 0 0/0 18:49 2:59 5:02
Frans Nielsen 0 0 0 -1 0 3 1 1 0 1 3/7 16:46 2:59 3:06
Jiri Fischer 0 0 0 1 0 0 1 0 1 1 0/0 17:45 0:57 3:34
Joël Perrault 0 0 0 0 2 0 1 0 0 0 3/5 8:05 0:18 0:00
Kurt Sauer 0 0 0 -1 0 1 2 3 0 1 0/0 24:21 0:57 5:51
Lukas Krajicek 0 0 0 1 2 0 0 0 0 0 0/0 15:21 2:53 0:00
Maxim Lapierre 0 1 1 1 0 0 1 0 0 0 3/4 9:32 0:00 0:01
Riley Cote 1 0 1 1 0 2 0 0 0 0 0/0 9:02 1:09 0:00
Sami Lepisto 0 0 0 1 0 0 0 1 0 0 0/0 14:56 2:53 0:00
Sergei Samsonov 1 1 2 2 2 4 0 0 0 0 1/1 11:01 1:19 0:00
Tim Connolly 0 3 3 -1 2 3 2 0 1 1 12/33 18:08 4:05 0:00
Tom Poti 0 0 0 -2 0 1 2 0 2 0 0/0 27:19 4:41 5:13
Players Stats for Predators
Player Name G A P +/- PIM S H SB GA TA FO MP PP MP PK MP
------------------------------------------------------------------------------------
Alexander Edler 0 0 0 -1 0 2 0 1 1 2 0/0 27:00 4:34 4:37
Alexander Ovechkin 0 0 0 -2 2 4 2 1 0 0 1/1 21:26 4:33 4:24
Alexander Steen 0 2 2 3 2 1 1 2 0 0 0/1 17:56 4:30 0:34
Barret Jackman 0 0 0 0 0 0 0 0 0 0 0/0 7:03 0:00 0:16
Jean-Pierre Dumont 1 1 2 3 0 1 2 0 0 0 0/0 15:15 1:19 0:00
Joe Thornton 2 2 4 2 0 6 0 0 1 0 16/25 21:37 4:13 3:33
Keith Tkachuk 0 0 0 0 0 0 0 0 0 0 0/0 5:13 0:01 0:00
Kent Huskins 0 0 0 0 0 0 0 0 0 1 0/0 7:11 0:00 0:16
Kurtis Foster 0 1 1 1 0 0 1 4 1 0 0/0 19:17 4:13 3:38
Michael Grabner 0 0 0 -3 6 1 1 0 0 1 0/2 20:13 4:50 0:00
Mikael Samuelsson 0 0 0 0 0 1 0 1 0 0 0/1 12:29 0:00 0:00
Mike Ribeiro 0 0 0 -2 0 2 0 1 0 0 13/21 20:58 4:31 3:57
Nick Boynton 0 0 0 0 0 0 0 0 0 0 0/0 6:55 0:00 0:00
Oleg Saprykin 0 0 0 -1 0 0 3 0 0 0 1/1 18:39 2:21 3:33
Paul Mara 0 0 0 0 0 0 0 0 0 0 0/0 6:47 0:00 0:00
Rob Niedermayer 0 0 0 0 2 1 2 0 2 1 3/10 16:48 0:03 1:01
Robyn Regehr 1 0 1 -1 0 2 1 2 1 0 0/0 26:45 4:34 4:37
Ryan Mcdonagh 0 1 1 1 0 0 0 0 0 0 0/0 19:52 4:13 3:38
3 Stars
1 - Joe Thornton (Nas)
2 - Jean-Pierre Dumont (Nas)
3 - Brenden Morrow (Pho)
Power Play
Coyotes - 2 on 6 Attempt(s) - 33,33%
Predators - 1 on 5 Attempt(s) - 20,00%
Penalty Kill
Coyotes - 4 on 5 Attempt(s) - 80,00%
- Score 0 goal in Penalty Kill
Predators - 4 on 6 Attempt(s) - 66,67%
- Score 0 goal in Penalty Kill
Official
Referees : Dwyer Gord and Kozari Steve
Linesman : Brian Mach and Ryan Galloway
Game Notes
Josh Tordjman enters game at 0:47 of 3rd period
Finance
Level 1 -- Attendance: 5304 (88,40%) -- Ticket Income 461 448 $
Level 2 -- Attendance: 5000 (100,00%) -- Ticket Income 255 000 $
Level 3 -- Attendance: 2000 (100,00%) -- Ticket Income 62 000 $
Level 4 -- Attendance: 2792 (69,80%) -- Ticket Income 58 632 $
Luxury Box -- Attendance: 1000 (100,00%) -- Ticket Income 169 000 $
Game was played at the Wildcat center
Total Attendance: 16096 (89,42%)
Total Ticket Income: 1 006 080 $
Other Income: 150 912 $
Total Income: 1 156 992 $
Coyotes
5 vs 5 Forward
Center Left Wing Right Wing Time % Phy DF OF
1 Tim Connolly Brenden Morrow Chris Stewart 40 1 2 2
2 Frans Nielsen Drew Miller Bill Guerin 30 1 2 2
3 Maxim Lapierre Sergei Samsonov Chad Larose 20 1 2 2
4 Joël Perrault Riley Cote Craig Adams 10 1 2 2
5 vs 5 Defense
Defense Defense Time % Phy DF OF
1 Tom Poti Kurt Sauer 40 1 2 2
2 Denis Grebeshkov Jiri Fischer 30 1 2 2
3 Sami Lepisto Lukas Krajicek 20 1 2 2
4 Tom Poti Kurt Sauer 10 1 2 2
PowerPlay Forward
Center Left Wing Right Wing Time % Phy DF OF
1 Tim Connolly Brenden Morrow Chris Stewart 60 1 2 2
2 Frans Nielsen Drew Miller Bill Guerin 40 1 2 2
PowerPlay Defense
Defense Defense Time % Phy DF OF
1 Tom Poti Denis Grebeshkov 60 1 2 2
2 Sami Lepisto Lukas Krajicek 40 1 2 2
Penalty Kill 4 Players Forward
Center Wing Time % Phy DF OF
1 Chad Larose Drew Miller 60 1 2 2
2 Frans Nielsen Craig Adams 40 1 2 2
Penalty Kill 4 Players Defense
Defense Defense Time % Phy DF OF
1 Tom Poti Kurt Sauer 60 1 2 2
2 Denis Grebeshkov Jiri Fischer 40 1 2 2
Penalty Kill - 3 Players Forward
Forward Time % Phy DF OF
1 Chad Larose 60 1 2 2
2 Drew Miller 40 1 2 2
Penalty Kill - 3 Players Defense
Defense Defense Time % Phy DF OF
1 Tom Poti Kurt Sauer 60 1 2 2
2 Denis Grebeshkov Jiri Fischer 40 1 2 2
4 vs 4 Forward
Center Wing Time % Phy DF OF
1 Tim Connolly Chris Stewart 60 1 2 2
2 Frans Nielsen Brenden Morrow 40 1 2 2
4 vs 4 Defense
Defense Defense Time % Phy DF OF
1 Tom Poti Kurt Sauer 60 1 2 2
2 Denis Grebeshkov Jiri Fischer 40 1 2 2
Last Minutes Offensive
Center Left Wing Right Wing Defense Defense
Tim Connolly Brenden Morrow Chris Stewart Tom Poti Denis Grebeshkov
Last Minutes Defensive
Center Left Wing Right Wing Defense Defense
Frans Nielsen Drew Miller Chad Larose Tom Poti Kurt Sauer
Goaltenders
Starting : Ryan Miller
Backup : Al Montoya
Extra Forwards
Normal : Bill Guerin, Sergei Samsonov, Craig Adams - PP : Bill Guerin, Sergei Samsonov - PK : Craig Adams
Extra Defensemen
Normal : Sami Lepisto, Lukas Krajicek, Denis Grebeshkov - PP : Sami Lepisto - PK : Lukas Krajicek, Denis Grebeshkov
Penalty Shots
Chris Stewart, Brenden Morrow, Bill Guerin, Tim Connolly, Frans Nielsen
Predators
5 vs 5 Forward
Center Left Wing Right Wing Time % Phy DF OF
1 Mike Ribeiro Alexander Ovechkin Michael Grabner 35 1 2 2
2 Joe Thornton Alexander Steen Jean-Pierre Dumont 35 1 2 2
3 Rob Niedermayer Oleg Saprykin Mikael Samuelsson 20 1 2 2
4 Rob Niedermayer Keith Tkachuk Michael Grabner 10 1 2 2
5 vs 5 Defense
Defense Defense Time % Phy DF OF
1 Alexander Edler Robyn Regehr 40 1 2 2
2 Kurtis Foster Ryan Mcdonagh 30 1 2 2
3 Nick Boynton Kent Huskins 15 1 2 2
4 Paul Mara Barret Jackman 15 1 2 2
PowerPlay Forward
Center Left Wing Right Wing Time % Phy DF OF
1 Mike Ribeiro Alexander Ovechkin Michael Grabner 50 1 2 2
2 Joe Thornton Alexander Steen Michael Grabner 50 1 2 2
PowerPlay Defense
Defense Defense Time % Phy DF OF
1 Alexander Edler Robyn Regehr 50 1 2 2
2 Kurtis Foster Ryan Mcdonagh 50 1 2 2
Penalty Kill 4 Players Forward
Center Wing Time % Phy DF OF
1 Mike Ribeiro Alexander Ovechkin 50 1 2 2
2 Joe Thornton Oleg Saprykin 50 1 2 2
Penalty Kill 4 Players Defense
Defense Defense Time % Phy DF OF
1 Alexander Edler Robyn Regehr 50 1 2 2
2 Kurtis Foster Ryan Mcdonagh 50 1 2 2
Penalty Kill - 3 Players Forward
Forward Time % Phy DF OF
1 Alexander Ovechkin 50 1 2 2
2 Joe Thornton 50 1 2 2
Penalty Kill - 3 Players Defense
Defense Defense Time % Phy DF OF
1 Alexander Edler Robyn Regehr 50 1 2 2
2 Kurtis Foster Ryan Mcdonagh 50 1 2 2
4 vs 4 Forward
Center Wing Time % Phy DF OF
1 Mike Ribeiro Alexander Ovechkin 50 1 2 2
2 Joe Thornton Jean-Pierre Dumont 50 1 2 2
4 vs 4 Defense
Defense Defense Time % Phy DF OF
1 Alexander Edler Robyn Regehr 50 1 2 2
2 Kurtis Foster Ryan Mcdonagh 50 1 2 2
Last Minutes Offensive
Center Left Wing Right Wing Defense Defense
Joe Thornton Alexander Ovechkin Michael Grabner Alexander Edler Kurtis Foster
Last Minutes Defensive
Center Left Wing Right Wing Defense Defense
Joe Thornton Alexander Ovechkin Jean-Pierre Dumont Ryan Mcdonagh Robyn Regehr
Goaltenders
Starting : Rick DiPietro
Backup : Josh Tordjman
Extra Forwards
Normal : Alexander Steen, Oleg Saprykin, Rob Niedermayer - PP : Alexander Steen, Oleg Saprykin - PK : Rob Niedermayer
Extra Defensemen
Normal : Barret Jackman, Ryan Mcdonagh, Kent Huskins - PP : Barret Jackman - PK : Kent Huskins, Ryan Mcdonagh
Penalty Shots
Alexander Ovechkin, Joe Thornton, Mike Ribeiro, Michael Grabner, Alexander Steen
% Time on Ice - Coyotes
Lines # - Real PCT - Wanted PCT - Time Play
Normal Forward
1 - 35% - 40% - 14:45
2 - 24% - 30% - 9:50
3 - 23% - 20% - 9:23
4 - 18% - 10% - 7:40
Normal Defense
1 - 40% - 40% - 16:41
2 - 29% - 30% - 12:06
3 - 28% - 20% - 11:28
4 - 3% - 10% - 1:23
PP Forward
1 - 51% - 60% - 4:23
2 - 49% - 40% - 4:08
PP Defense
1 - 66% - 60% - 5:38
2 - 34% - 40% - 2:53
PK Forward
1 - 81% - 60% - 7:06
2 - 19% - 40% - 1:41
PK Defense
1 - 67% - 60% - 5:51
2 - 33% - 40% - 2:56
PK3 Forward
1 - 0% - 60%
2 - 0% - 40%
PK3 Defense
1 - 0% - 60%
2 - 0% - 40%
44 Forward
1 - 0% - 60%
2 - 0% - 40%
44 Defense
1 - 0% - 60%
2 - 0% - 40%
Last Minute Offensive - 0:00
Last Minute Defensive - 1:04
Total
Forward - 60:00
Defense - 60:00
|
% Time on Ice - Predators
Lines # - Real PCT - Wanted PCT - Time Play
Normal Forward
1 - 29% - 35% - 12:26
2 - 31% - 35% - 13:17
3 - 28% - 20% - 11:54
4 - 12% - 10% - 5:05
Normal Defense
1 - 41% - 40% - 17:34
2 - 27% - 30% - 11:26
3 - 16% - 15% - 6:55
4 - 16% - 15% - 6:47
PP Forward
1 - 52% - 50% - 4:34
2 - 48% - 50% - 4:13
PP Defense
1 - 52% - 50% - 4:34
2 - 48% - 50% - 4:13
PK Forward
1 - 56% - 50% - 4:44
2 - 44% - 50% - 3:47
PK Defense
1 - 54% - 50% - 4:37
2 - 46% - 50% - 3:54
PK3 Forward
1 - 0% - 50%
2 - 0% - 50%
PK3 Defense
1 - 0% - 50%
2 - 0% - 50%
44 Forward
1 - 0% - 50%
2 - 0% - 50%
44 Defense
1 - 0% - 50%
2 - 0% - 50%
Last Minute Offensive - 0:00
Last Minute Defensive - 0:00
Total
Forward - 60:00
Defense - 60:00
|
Play by Play
1st period
0:01 of 1st period - Mike Ribeiro wins face-off versus Tim Connolly in neutral zone.
0:04 of 1st period - Tim Connolly is hit by Michael Grabner and loses puck.
0:31 of 1st period - Backhand shot by Joe Thornton.
0:31 of 1st period - Stopped by Ryan Miller without a rebound.
0:32 of 1st period - Rob Niedermayer wins face-off versus Maxim Lapierre in Coyotes zone.
1:29 of 1st period - Wrist shot by Sergei Samsonov.
1:29 of 1st period - Shot Blocked by Kurtis Foster.
1:57 of 1st period - Ryan Mcdonagh is hit by Chad Larose.
2:07 of 1st period - Slapshot by Sergei Samsonov.
2:07 of 1st period - Deflect By Maxim Lapierre.
2:07 of 1st period - Shot Misses the Net.
2:07 of 1st period - Puck is out of play.
2:08 of 1st period - Tim Connolly wins face-off versus Alexander Steen in Predators zone.
2:35 of 1st period - Robyn Regehr is hit by Bill Guerin and loses puck.
5:18 of 1st period - Sergei Samsonov is hit by Rob Niedermayer.
6:47 of 1st period - Icing by Chris Stewart.
6:48 of 1st period - Tim Connolly wins face-off versus Joe Thornton in Coyotes zone.
7:49 of 1st period - Off-side.
7:50 of 1st period - Tim Connolly wins face-off versus Mike Ribeiro in neutral zone.
7:50 of 1st period - Tim Connolly is hit by Alexander Ovechkin.
8:00 of 1st period - Snap shot by Tim Connolly.
8:00 of 1st period - Stopped by Rick DiPietro with a rebound.
8:11 of 1st period - Off-side.
8:12 of 1st period - Joe Thornton wins face-off versus Frans Nielsen in neutral zone.
8:27 of 1st period - Backhand shot by Frans Nielsen.
8:27 of 1st period - Stopped by Rick DiPietro without a rebound.
8:28 of 1st period - Tim Connolly wins face-off versus Mike Ribeiro in Predators zone.
8:29 of 1st period - Wrist shot by Brenden Morrow.
8:29 of 1st period - Shot Misses the Net.
8:31 of 1st period - Wrist shot by Tim Connolly.
8:31 of 1st period - Shot Blocked by Robyn Regehr.
8:33 of 1st period - Snap shot by Tim Connolly.
8:33 of 1st period - Stopped by Rick DiPietro with a rebound.
8:35 of 1st period - Snap shot by Brenden Morrow.
8:35 of 1st period - Shot Misses the Net.
8:37 of 1st period - Snap shot by Brenden Morrow.
8:37 of 1st period - Shot Misses the Net.
8:39 of 1st period - Wrist shot by Tim Connolly.
8:39 of 1st period - Deflect By Mike Ribeiro.
8:39 of 1st period - Shot Misses the Net.
8:39 of 1st period - Puck is out of play.
8:40 of 1st period - Joe Thornton wins face-off versus Tim Connolly in Predators zone.
8:40 of 1st period - Joe Thornton is hit by Kurt Sauer.
8:52 of 1st period - Slapshot by Joe Thornton.
8:52 of 1st period - Goal by Joe Thornton - Coyotes : 0 - Predators : 1.
8:53 of 1st period - Mike Ribeiro wins face-off versus Tim Connolly in neutral zone.
8:58 of 1st period - Slapshot by Alexander Ovechkin.
8:58 of 1st period - Shot Blocked by Kurt Sauer.
9:00 of 1st period - Wrist shot by Mike Ribeiro.
9:00 of 1st period - Shot Misses the Net.
9:02 of 1st period - Slapshot by Robyn Regehr.
9:02 of 1st period - Shot Misses the Net.
9:04 of 1st period - Wrist shot by Alexander Ovechkin.
9:04 of 1st period - Shot Misses the Net.
9:47 of 1st period - Oleg Saprykin is hit by Chad Larose and loses puck.
10:00 of 1st period - Craig Adams is hit by Alexander Ovechkin and loses puck.
10:05 of 1st period - Slapshot by Alexander Ovechkin.
10:05 of 1st period - Stopped by Ryan Miller with a rebound.
10:07 of 1st period - Slapshot by Alexander Edler.
10:07 of 1st period - Stopped by Ryan Miller without a rebound.
10:08 of 1st period - Joe Thornton wins face-off versus Tim Connolly in Coyotes zone.
10:33 of 1st period - Michael Grabner is hit by Bill Guerin and loses puck.
10:58 of 1st period - Oleg Saprykin is hit by Maxim Lapierre and loses puck.
11:30 of 1st period - Wrist shot by Joe Thornton.
11:30 of 1st period - Shot Misses the Net.
12:40 of 1st period - Backhand shot by Tom Poti.
12:40 of 1st period - Shot Misses the Net.
12:55 of 1st period - Icing by Jean-Pierre Dumont.
12:56 of 1st period - Joe Thornton wins face-off versus Tim Connolly in Predators zone.
13:56 of 1st period - Barret Jackman is hit by Brenden Morrow and loses puck.
14:03 of 1st period - Chris Stewart is hit by Jean-Pierre Dumont and loses puck.
14:29 of 1st period - Wrist shot by Frans Nielsen.
14:29 of 1st period - Stopped by Rick DiPietro without a rebound.
14:30 of 1st period - Rob Niedermayer wins face-off versus Frans Nielsen in Predators zone.
14:41 of 1st period - Oleg Saprykin is hit by Drew Miller and loses puck.
14:58 of 1st period - Icing by Jiri Fischer.
14:59 of 1st period - Chris Stewart wins face-off versus Joe Thornton in Coyotes zone.
15:46 of 1st period - Slapshot by Brenden Morrow.
15:46 of 1st period - Shot Blocked by Alexander Steen.
15:48 of 1st period - Slapshot by Sami Lepisto.
15:48 of 1st period - Shot Misses the Net.
15:50 of 1st period - Snap shot by Chris Stewart.
15:50 of 1st period - Shot Misses the Net.
15:52 of 1st period - Snap shot by Brenden Morrow.
15:52 of 1st period - Shot Misses the Net.
15:54 of 1st period - Snap shot by Brenden Morrow.
15:54 of 1st period - Stopped by Rick DiPietro with a rebound.
15:56 of 1st period - Slapshot by Lukas Krajicek.
15:56 of 1st period - Shot Blocked by Kurtis Foster.
15:58 of 1st period - Snap shot by Lukas Krajicek.
15:58 of 1st period - Shot Blocked by Alexander Steen.
16:00 of 1st period - Wrist shot by Tim Connolly.
16:00 of 1st period - Stopped by Rick DiPietro without a rebound.
16:01 of 1st period - Frans Nielsen wins face-off versus Mike Ribeiro in Predators zone.
16:18 of 1st period - Slapshot by Mike Ribeiro.
16:18 of 1st period - Stopped by Ryan Miller with a rebound.
16:37 of 1st period - Slapshot by Sergei Samsonov.
16:37 of 1st period - Shot Misses the Net.
17:42 of 1st period - Mike Ribeiro is hit by Chad Larose and loses puck.
17:53 of 1st period - Sami Lepisto is hit by Alexander Steen and loses puck.
18:29 of 1st period - Alexander Steen is hit by Jiri Fischer and loses puck.
18:52 of 1st period - Mikael Samuelsson is hit by Kurt Sauer and loses puck.
19:07 of 1st period - Alexander Edler is hit by Brenden Morrow and loses puck.
19:42 of 1st period - Wrist shot by Sergei Samsonov.
19:42 of 1st period - Stopped by Rick DiPietro with a rebound.
Goals for this period are 0 for Coyotes vs 1 for Predators.
Shots for this period are 7 for Coyotes vs 5 for Predators.
2nd period
0:01 of 2nd period - Mike Ribeiro wins face-off versus Tim Connolly in neutral zone.
0:38 of 2nd period - Minor Penalty to Alexander Ovechkin for Slashing.
0:39 of 2nd period - Tim Connolly wins face-off versus Joe Thornton in Predators zone.
0:41 of 2nd period - Snap shot by Tim Connolly.
0:41 of 2nd period - Shot Hit the Post.
0:43 of 2nd period - Snap shot by Chris Stewart.
0:43 of 2nd period - Deflect By Brenden Morrow.
0:43 of 2nd period - Goal by Brenden Morrow - Coyotes : 1 - Predators : 1.
0:44 of 2nd period - Mike Ribeiro wins face-off versus Tim Connolly in neutral zone.
0:47 of 2nd period - Wrist shot by Alexander Edler.
0:47 of 2nd period - Shot Blocked by Kurt Sauer.
0:50 of 2nd period - Icing by Kurt Sauer.
0:51 of 2nd period - Mike Ribeiro wins face-off versus Tim Connolly in Coyotes zone.
0:54 of 2nd period - Snap shot by Alexander Ovechkin.
0:54 of 2nd period - Shot Misses the Net.
1:26 of 2nd period - Snap shot by Bill Guerin.
1:26 of 2nd period - Stopped by Rick DiPietro with a rebound.
2:03 of 2nd period - Wrist shot by Brenden Morrow.
2:03 of 2nd period - Shot Blocked by Kurtis Foster.
2:41 of 2nd period - Rob Niedermayer is hit by Bill Guerin and loses puck.
3:32 of 2nd period - Icing by Alexander Edler.
3:33 of 2nd period - Frans Nielsen wins face-off versus Mike Ribeiro in Predators zone.
4:10 of 2nd period - Off-side.
4:11 of 2nd period - Joe Thornton wins face-off versus Tim Connolly in neutral zone.
4:37 of 2nd period - Minor Penalty to Sergei Samsonov for Tripping.
4:38 of 2nd period - Chad Larose wins face-off versus Mike Ribeiro in Coyotes zone.
6:37 of 2nd period - Penalty to Sergei Samsonov is over, Sergei Samsonov is back on ice.
6:41 of 2nd period - Backhand shot by Mikael Samuelsson.
6:41 of 2nd period - Stopped by Ryan Miller with a rebound.
6:43 of 2nd period - Wrist shot by Rob Niedermayer.
6:43 of 2nd period - Stopped by Ryan Miller without a rebound.
6:44 of 2nd period - Tim Connolly wins face-off versus Rob Niedermayer in Coyotes zone.
7:29 of 2nd period - Icing by Craig Adams.
7:30 of 2nd period - Maxim Lapierre wins face-off versus Mike Ribeiro in Coyotes zone.
7:41 of 2nd period - Wrist shot by Maxim Lapierre.
7:41 of 2nd period - Shot Misses the Net.
7:43 of 2nd period - Wrist shot by Sergei Samsonov.
7:43 of 2nd period - Goal by Sergei Samsonov - Coyotes : 2 - Predators : 1.
7:44 of 2nd period - Chris Stewart wins face-off versus Joe Thornton in neutral zone.
8:10 of 2nd period - Michael Grabner is hit by Drew Miller and loses puck.
8:33 of 2nd period - Slapshot by Sergei Samsonov.
8:33 of 2nd period - Shot Misses the Net.
9:12 of 2nd period - Joe Thornton is hit by Joël Perrault and loses puck.
9:21 of 2nd period - Slapshot by Kurtis Foster.
9:21 of 2nd period - Shot Misses the Net.
9:25 of 2nd period - Wrist shot by Joe Thornton.
9:25 of 2nd period - Shot Blocked by Denis Grebeshkov.
9:27 of 2nd period - Wrist shot by Joe Thornton.
9:27 of 2nd period - Stopped by Ryan Miller without a rebound.
9:28 of 2nd period - Tim Connolly wins face-off versus Mike Ribeiro in Coyotes zone.
10:38 of 2nd period - Wrist shot by Brenden Morrow.
10:38 of 2nd period - Stopped by Rick DiPietro without a rebound.
10:39 of 2nd period - Mike Ribeiro wins face-off versus Tim Connolly in Predators zone.
11:02 of 2nd period - Minor Penalty to Michael Grabner for Holding.
11:03 of 2nd period - Mike Ribeiro wins face-off versus Tim Connolly in Predators zone.
11:34 of 2nd period - Snap shot by Frans Nielsen.
11:34 of 2nd period - Shot Misses the Net.
11:36 of 2nd period - Backhand shot by Frans Nielsen.
11:36 of 2nd period - Deflect By Alexander Edler.
11:36 of 2nd period - Stopped by Rick DiPietro with a rebound.
11:38 of 2nd period - Slapshot by Frans Nielsen.
11:38 of 2nd period - Shot Misses the Net.
11:48 of 2nd period - Sami Lepisto is hit by Robyn Regehr and loses puck.
13:02 of 2nd period - Penalty to Michael Grabner is over, Michael Grabner is back on ice.
13:11 of 2nd period - Slapshot by Rob Niedermayer.
13:11 of 2nd period - Shot Blocked by Sami Lepisto.
13:17 of 2nd period - Snap shot by Michael Grabner.
13:17 of 2nd period - Shot Misses the Net.
13:34 of 2nd period - Slapshot by Craig Adams.
13:34 of 2nd period - Shot Misses the Net.
13:36 of 2nd period - Snap shot by Craig Adams.
13:36 of 2nd period - Stopped by Rick DiPietro without a rebound.
13:37 of 2nd period - Joël Perrault wins face-off versus Rob Niedermayer in Predators zone.
13:41 of 2nd period - Minor Penalty to Rob Niedermayer for Hooking.
13:42 of 2nd period - Tim Connolly wins face-off versus Mike Ribeiro in Predators zone.
13:56 of 2nd period - Backhand shot by Brenden Morrow.
13:56 of 2nd period - Stopped by Rick DiPietro without a rebound.
13:57 of 2nd period - Joe Thornton wins face-off versus Chris Stewart in Predators zone.
14:08 of 2nd period - Snap shot by Denis Grebeshkov.
14:08 of 2nd period - Shot Blocked by Alexander Edler.
14:10 of 2nd period - Slapshot by Denis Grebeshkov.
14:10 of 2nd period - Goal by Denis Grebeshkov - Coyotes : 3 - Predators : 1.
14:11 of 2nd period - Joe Thornton wins face-off versus Tim Connolly in neutral zone.
14:21 of 2nd period - Minor Penalty to Alexander Steen for Hooking.
14:22 of 2nd period - Joe Thornton wins face-off versus Tim Connolly in Predators zone.
14:38 of 2nd period - Snap shot by Chris Stewart.
14:38 of 2nd period - Stopped by Rick DiPietro without a rebound.
14:39 of 2nd period - Oleg Saprykin wins face-off versus Tim Connolly in Predators zone.
14:50 of 2nd period - Slapshot by Denis Grebeshkov.
14:50 of 2nd period - Stopped by Rick DiPietro without a rebound.
14:51 of 2nd period - Joe Thornton wins face-off versus Tim Connolly in Predators zone.
15:11 of 2nd period - Ryan Mcdonagh is hit by Tim Connolly and loses puck.
16:21 of 2nd period - Penalty to Alexander Steen is over, Alexander Steen is back on ice.
16:39 of 2nd period - Snap shot by Sergei Samsonov.
16:39 of 2nd period - Shot Misses the Net.
16:59 of 2nd period - Minor Penalty to Lukas Krajicek for Slashing.
17:00 of 2nd period - Chad Larose wins face-off versus Michael Grabner in Coyotes zone.
17:54 of 2nd period - Slapshot by Alexander Ovechkin.
17:54 of 2nd period - Shot Misses the Net.
18:24 of 2nd period - Mike Ribeiro is hit by Craig Adams and loses puck.
18:59 of 2nd period - Penalty to Lukas Krajicek is over, Lukas Krajicek is back on ice.
19:14 of 2nd period - Wrist shot by Rob Niedermayer.
19:14 of 2nd period - Shot Misses the Net.
19:22 of 2nd period - Slapshot by Kurt Sauer.
19:22 of 2nd period - Shot Misses the Net.
19:24 of 2nd period - Slapshot by Kurt Sauer.
19:24 of 2nd period - Stopped by Rick DiPietro without a rebound.
19:25 of 2nd period - Joël Perrault wins face-off versus Rob Niedermayer in Predators zone.
19:40 of 2nd period - Minor Penalty to Craig Adams for Tripping.
19:41 of 2nd period - Chad Larose wins face-off versus Joe Thornton in Coyotes zone.
19:54 of 2nd period - Wrist shot by Alexander Ovechkin.
19:54 of 2nd period - Shot Blocked by Frans Nielsen.
19:56 of 2nd period - Slapshot by Ryan Mcdonagh.
19:56 of 2nd period - Shot Blocked by Kurt Sauer.
19:58 of 2nd period - Slapshot by Alexander Ovechkin.
19:58 of 2nd period - Shot Hit the Post.
Goals for this period are 3 for Coyotes vs 0 for Predators.
Shots for this period are 11 for Coyotes vs 3 for Predators.
3rd period
0:01 of 3rd period - Joe Thornton wins face-off versus Chad Larose in neutral zone.
0:04 of 3rd period - Slapshot by Robyn Regehr.
0:04 of 3rd period - Stopped by Ryan Miller without a rebound.
0:05 of 3rd period - Joe Thornton wins face-off versus Chad Larose in Coyotes zone.
0:06 of 3rd period - Snap shot by Alexander Steen.
0:06 of 3rd period - Stopped by Ryan Miller with a rebound.
0:08 of 3rd period - Wrist shot by Joe Thornton.
0:08 of 3rd period - Stopped by Ryan Miller without a rebound.
0:09 of 3rd period - Joe Thornton wins face-off versus Chad Larose in Coyotes zone.
0:14 of 3rd period - Slapshot by Alexander Edler.
0:14 of 3rd period - Stopped by Ryan Miller without a rebound.
0:15 of 3rd period - Chad Larose wins face-off versus Joe Thornton in Coyotes zone.
0:15 of 3rd period - Chad Larose is hit by Kurtis Foster.
0:31 of 3rd period - Slapshot by Joe Thornton.
0:31 of 3rd period - Goal by Joe Thornton - Coyotes : 3 - Predators : 2.
0:32 of 3rd period - Tim Connolly wins face-off versus Michael Grabner in neutral zone.
0:47 of 3rd period - Snap shot by Tim Connolly.
0:47 of 3rd period - Deflect By Brenden Morrow.
0:47 of 3rd period - Goal by Brenden Morrow - Coyotes : 4 - Predators : 2.
0:47 of 3rd period - Josh Tordjman enters game.
0:48 of 3rd period - Tim Connolly wins face-off versus Joe Thornton in neutral zone.
0:54 of 3rd period - Icing by Alexander Edler.
0:55 of 3rd period - Joe Thornton wins face-off versus Tim Connolly in Predators zone.
1:02 of 3rd period - Slapshot by Robyn Regehr.
1:02 of 3rd period - Goal by Robyn Regehr - Coyotes : 4 - Predators : 3.
1:03 of 3rd period - Mike Ribeiro wins face-off versus Tim Connolly in neutral zone.
1:10 of 3rd period - Slapshot by Alexander Ovechkin.
1:10 of 3rd period - Stopped by Ryan Miller without a rebound.
1:11 of 3rd period - Mike Ribeiro wins face-off versus Tim Connolly in Coyotes zone.
1:14 of 3rd period - Wrist shot by Mike Ribeiro.
1:14 of 3rd period - Stopped by Ryan Miller with a rebound.
1:16 of 3rd period - Wrist shot by Alexander Ovechkin.
1:16 of 3rd period - Stopped by Ryan Miller without a rebound.
1:17 of 3rd period - Joe Thornton wins face-off versus Tim Connolly in Coyotes zone.
1:29 of 3rd period - Snap shot by Brenden Morrow.
1:29 of 3rd period - Shot Misses the Net.
1:50 of 3rd period - Robyn Regehr is hit by Frans Nielsen and loses puck.
2:11 of 3rd period - Off-side.
2:12 of 3rd period - Joe Thornton wins face-off versus Joël Perrault in neutral zone.
2:33 of 3rd period - Minor Penalty to Joël Perrault for Roughing.
2:34 of 3rd period - Alexander Ovechkin wins face-off versus Chad Larose in Coyotes zone.
3:33 of 3rd period - Craig Adams is hit by Oleg Saprykin and loses puck.
4:33 of 3rd period - Penalty to Joël Perrault is over, Joël Perrault is back on ice.
4:40 of 3rd period - Wrist shot by Brenden Morrow.
4:40 of 3rd period - Deflect By Joël Perrault.
4:40 of 3rd period - Shot Misses the Net.
4:40 of 3rd period - Puck is out of play.
4:41 of 3rd period - Joël Perrault wins face-off versus Rob Niedermayer in Predators zone.
4:44 of 3rd period - Snap shot by Riley Cote.
4:44 of 3rd period - Stopped by Josh Tordjman with a rebound.
5:16 of 3rd period - Minor Penalty to Tim Connolly for Tripping.
5:17 of 3rd period - Joe Thornton wins face-off versus Chad Larose in Coyotes zone.
5:22 of 3rd period - Slapshot by Alexander Edler.
5:22 of 3rd period - Shot Misses the Net.
5:45 of 3rd period - Icing by Michael Grabner.
5:46 of 3rd period - Mike Ribeiro wins face-off versus Frans Nielsen in Predators zone.
6:37 of 3rd period - Slapshot by Tom Poti.
6:37 of 3rd period - Stopped by Josh Tordjman with a rebound.
7:16 of 3rd period - Penalty to Tim Connolly is over, Tim Connolly is back on ice.
7:43 of 3rd period - Craig Adams is hit by Rob Niedermayer and loses puck.
9:13 of 3rd period - Icing by Riley Cote.
9:14 of 3rd period - Mike Ribeiro wins face-off versus Joël Perrault in Coyotes zone.
9:39 of 3rd period - Snap shot by Brenden Morrow.
9:39 of 3rd period - Stopped by Josh Tordjman with a rebound.
10:21 of 3rd period - Off-side.
10:22 of 3rd period - Mike Ribeiro wins face-off versus Frans Nielsen in neutral zone.
11:18 of 3rd period - Icing by Maxim Lapierre.
11:19 of 3rd period - Maxim Lapierre wins face-off versus Rob Niedermayer in Coyotes zone.
11:19 of 3rd period - Maxim Lapierre is hit by Oleg Saprykin.
11:25 of 3rd period - Slapshot by Denis Grebeshkov.
11:25 of 3rd period - Shot Blocked by Kurtis Foster.
11:27 of 3rd period - Wrist shot by Chad Larose.
11:27 of 3rd period - Stopped by Josh Tordjman without a rebound.
11:28 of 3rd period - Mike Ribeiro wins face-off versus Tim Connolly in Predators zone.
11:28 of 3rd period - Mike Ribeiro is hit by Tim Connolly.
11:31 of 3rd period - Double Minor Penalty to Michael Grabner for High sticking.
11:32 of 3rd period - Tim Connolly wins face-off versus Joe Thornton in Predators zone.
11:40 of 3rd period - Wrist shot by Brenden Morrow.
11:40 of 3rd period - Shot Hit the Post.
11:44 of 3rd period - Slapshot by Tim Connolly.
11:44 of 3rd period - Shot Misses the Net.
11:46 of 3rd period - Slapshot by Tom Poti.
11:46 of 3rd period - Deflect By Chris Stewart.
11:46 of 3rd period - Stopped by Josh Tordjman with a rebound.
11:48 of 3rd period - Snap shot by Tim Connolly.
11:48 of 3rd period - Shot Blocked by Robyn Regehr.
12:18 of 3rd period - Lukas Krajicek is hit by Oleg Saprykin and loses puck.
14:39 of 3rd period - Slapshot by Jiri Fischer.
14:39 of 3rd period - Shot Blocked by Alexander Ovechkin.
14:41 of 3rd period - Slapshot by Chad Larose.
14:41 of 3rd period - Stopped by Josh Tordjman without a rebound.
14:42 of 3rd period - Sergei Samsonov wins face-off versus Rob Niedermayer in Predators zone.
14:45 of 3rd period - Backhand shot by Sergei Samsonov.
14:45 of 3rd period - Stopped by Josh Tordjman with a rebound.
15:17 of 3rd period - Slapshot by Sergei Samsonov.
15:17 of 3rd period - Stopped by Josh Tordjman with a rebound.
15:19 of 3rd period - Snap shot by Riley Cote.
15:19 of 3rd period - Shot Blocked by Mike Ribeiro.
15:31 of 3rd period - Penalty to Michael Grabner is over, Michael Grabner is back on ice.
15:41 of 3rd period - Snap shot by Chad Larose.
15:41 of 3rd period - Shot Misses the Net.
15:43 of 3rd period - Slapshot by Riley Cote.
15:43 of 3rd period - Goal by Riley Cote - Coyotes : 5 - Predators : 3.
15:44 of 3rd period - Rob Niedermayer wins face-off versus Tim Connolly in neutral zone.
16:20 of 3rd period - Snap shot by Jean-Pierre Dumont.
16:20 of 3rd period - Goal by Jean-Pierre Dumont - Coyotes : 5 - Predators : 4.
16:21 of 3rd period - Maxim Lapierre wins face-off versus Rob Niedermayer in neutral zone.
16:46 of 3rd period - Robyn Regehr is hit by Tom Poti and loses puck.
16:55 of 3rd period - Snap shot by Alexander Ovechkin.
16:55 of 3rd period - Stopped by Ryan Miller with a rebound.
16:57 of 3rd period - Wrist shot by Michael Grabner.
16:57 of 3rd period - Stopped by Ryan Miller without a rebound.
16:58 of 3rd period - Tim Connolly wins face-off versus Mikael Samuelsson in Coyotes zone.
17:52 of 3rd period - Wrist shot by Joe Thornton.
17:52 of 3rd period - Stopped by Ryan Miller without a rebound.
17:53 of 3rd period - Frans Nielsen wins face-off versus Joe Thornton in Coyotes zone.
17:53 of 3rd period - Frans Nielsen is hit by Jean-Pierre Dumont.
18:19 of 3rd period - Rob Niedermayer is hit by Tom Poti and loses puck.
19:00 of 3rd period - Predators, Josh Tordjman is pulled from the net.
19:08 of 3rd period - Slapshot by Jiri Fischer.
19:08 of 3rd period - Shot Blocked by Mikael Samuelsson.
Goals for this period are 2 for Coyotes vs 3 for Predators.
Shots for this period are 10 for Coyotes vs 13 for Predators.
Output by the SimonT Hockey Simulator (STHS) for François Prévost -- Original Page W3C XHTML 1.0 Valid